 Dungeon Crawl Stone Soup version 0.24.0-41-g2ae2f7f1be (webtiles) character file.

Game seed: 4362399089722140428, levelgen mode: deterministic

2 FessEmpty the Grasshopper (level 1, 19/19 HPs)
             Began as a Troll Warper on Dec 13, 2019.
             Got out of the dungeon alive.
             The game lasted 00:01:39 (44 turns).

FessEmpty the Grasshopper (Troll Warper)              Turns: 44, Time: 00:01:39

Health: 19/19      AC:  6    Str: 18    XL:     1   Next: 33%
Magic:  1/1        EV: 10    Int:  9    God:
Gold:   0          SH:  0    Dex:  9    Spells: 2/2 levels left

rFire    . . .     SeeInvis .     - Unarmed
rCold    . . .     Gourm    +   (no shield)
rNeg     . . .     Faith    .   a - +0 robe
rPois    .         Spirit   .   (helmet restricted)
rElec    .         Reflect  .   (no cloak)
rCorr    .         Harm     .   (gloves unavailable)
MR       .....                  (boots unavailable)
Stlth    +.........             (no amulet)
HPRegen  0.46/turn              (no ring)
MPRegen  0.07/turn              (no ring)

@: no status effects
A: large, unfitting armour, claws 3, fast metabolism 3, gourmand, regeneration
1, shaggy fur 1, tough skin 3
a: no special abilities


You escaped.
You were not hungry.

You visited 1 branch of the dungeon, and saw 1 of its levels.

Inventory:

Missiles
 d - 5 boomerangs of dispersal (quivered)
Armour
 a - a +0 robe (worn)
Scrolls
 c - a scroll of blinking
Comestibles
 f - 3 rations


   Skills:
 - Level 1.6 Fighting
 + Level 1.0 Throwing
 + Level 1.9 Dodging
 + Level 2.0 Unarmed Combat
 + Level 1.2 Spellcasting
   Level 2.1 Translocations


You had 2 spell levels left.
You didn't know any spells.
Your spell library contained the following spells:

 Spells                   Type           Power        Failure   Level  Hunger
 Blink                    Tloc           N/A          22%         2    ###....
 Shroud of Golubria       Chrm/Tloc      #.....       34%         2    ###....
 Gell's Gravitas          Tloc           #.........   41%         3    ####...
 Lesser Beckoning         Tloc           #.........   41%         3    ####...
 Teleport Other           Tloc           #.......     41%         3    ####...
 Passage of Golubria      Tloc           N/A          82%         4    #####..


Dungeon Overview and Level Annotations

Branches:
Dungeon (1/15)

Altars:


Innate Abilities, Weirdness & Mutations

You are too large for most types of armour.
You have claws for hands.
Your metabolism is lightning-fast.
You like to eat raw meat.
Your natural rate of healing is unusually fast.
You are covered in fur. (AC +1)
You have extremely tough skin. (AC +3)


Message History

Welcome, FessEmpty the Troll Warper.
It is said that the Orb of Zot exists deep within this dungeon.
Press ? for a list of commands and other information.
Found 21 stones.
Found a staircase leading out of the dungeon.
You open the door.
A kobold comes into view. It is wielding a +0 short sword.
Found a ration.
A goblin comes into view. It is wielding a +0 dagger.
The kobold barely misses you.
There is an open door here.
You scratch the kobold but do no damage.
The kobold hits you but does no damage.
You closely miss the kobold.
The kobold hits you with a +0 short sword.
You closely miss the kobold. The kobold hits you but does no damage.
You closely miss the kobold. The kobold hits you but does no damage.
You don't know any spells.
Okay, then.
You scratch the kobold but do no damage.
The kobold barely misses you.
You scratch the kobold.
The kobold is severely wounded.
You scratch the kobold.
You kill the kobold!
You closely miss the goblin. You claw the goblin.
You kill the goblin!
Items here: )) †† a +0 dagger; a +0 short sword; a goblin corpse; a kobold corpse
f - 3 rations (gained 1)
You start resting.
HP restored.
You open the door.
A rat comes into view.
Found a scroll labeled APAYFF VAORPHOMOGG.
You closely miss the rat. The rat barely misses you.
Unknown command.
You closely miss the rat. The rat closely misses you.
You claw the rat!
You kill the rat!
Your Throwing skill increases to level 1!
You close the door.
Items here: )) †† a +0 dagger; a +0 short sword; a goblin corpse; a kobold corpse
There is an open door, spattered with blood here.
There is a staircase leading out of the dungeon here.
Are you sure you want to leave the Dungeon?
This will make you lose the game!
You have escaped!

########
#......#
#(@....#
#......#
######'#
#######)###
#.........#
##.........#
#..........#
#+##########
...


There were no monsters in sight!

Vanquished Creatures
  A kobold (D:1)
  A goblin (D:1)
  A rat (D:1)
3 creatures vanquished.

Notes
Turn   | Place    | Note
-------+----------+-------------------------------------------
     0 | D:1      | FessEmpty the Troll Warper began the quest for the Orb.
     0 | D:1      | Reached XP level 1. HP: 19/19 MP: 1/1
    29 | D:1      | Reached skill level 1 in Throwing
    44 | D:$      | Got out of the dungeon alive.

Levels and vault maps discovered:
D:1:      erik_arrival_gehennom, layout_basic

Skill      XL: |  1 |
---------------+----+-----
Throwing       | 1 |  1.0
Fighting       | |  1.6
Dodging        | |  1.9
Unarmed Combat | |  2.0
Spellcasting   | |  1.2
Translocations | |  2.1

Action                   || total
-------------------------++-------
Melee: Unarmed           ||    11
       Punch             ||     1
Armor: Robe              ||     3
Dodge: Dodged            ||     4
